[Event "Titled Tuesday Blitz November 15 Late 2022"]
[White "Badelka, Olga"]
[Black "Kuzmicz, Krystian"]
[WhiteFideId "13509926"]
[BlackFideId "1119125"]
[WhiteElo "2548"]
[BlackElo "2676"]
[Result "0-1"]
[Round "08"]
[TimeControl "180+1"]
[Date "2022.11.16"]
[WhiteClock "0:00:01"]
[BlackClock "0:00:47"]

1. d4 g6 2. e4 Bg7 3. Be3 c5 4. c3 cxd4 5. cxd4 d5 6. e5 Nc6 7. Nc3 Nh6 8. Qb3 Nf5 9. Qxd5 O-O 10. O-O-O Qc7 11. Qc5 e6 12. Bb5 Bd7 13. Nf3 Rfc8 14. Kb1 a6 15. Bd3 b5 16. d5 exd5 17. Nxd5 Qb7 18. Nf6+ Kh8 19. Nxd7 Qxd7 20. Be4 Qe8 21. Bxf5 gxf5 22. Qd5 Rd8 23. Qb3 Nxe5 24. Bd4 Nc4 25. Bxg7+ Kxg7 26. Qc3+ f6 27. Rhe1 Rxd1+ 28. Rxd1 Qe4+ 29. Qc2 Re8 30. Qxe4 fxe4 31. Nd4 Kg6 32. b3 Ne5 33. Ne2 Nd3 34. Rf1 f5 35. Kc2 Rc8+ 36. Kd2 Nb4 0-1


[Site "https://www.chess.com"]

[Event "Titled Tuesday Blitz November 15 Late 2022"]
[White "Barria Zuniga, Daniel"]
[Black "Jimenez Almeida, Luis David"]
[WhiteFideId "3400816"]
[BlackFideId "22242244"]
[WhiteElo "2414"]
[BlackElo "2158"]
[Result "1-0"]
[Round "08"]
[TimeControl "180+1"]
[Date "2022.11.16"]
[WhiteClock "0:00:07"]
[BlackClock "0:00:03"]

1. d4 g6 2. c4 Bg7 3. Nc3 c5 4. d5 Bxc3+ 5. bxc3 Qa5 6. e4 Qxc3+ 7. Bd2 Qg7 8. Rc1 d6 9. Bc3 f6 10. f4 Nh6 11. Nf3 Nf7 12. Bd3 Bg4 13. Qa4+ Nd7 14. Nd2 O-O 15. h3 Nb6 16. Qc2 Bd7 17. O-O e5 18. dxe6 Bxe6 19. a4 g5 20. a5 Nc8 21. Qb2 Nd8 22. fxg5 Qxg5 23. Rf3 Ne7 24. Rcf1 Ng6 25. Kh2 Nc6 26. Rg3 Qh5 27. Rxf6 Rxf6 28. Bxf6 Rf8 29. Nf3 Rf7 30. Bc3 Re7 31. a6 b6 32. Qf2 Rf7 33. Qe3 Re7 34. Rg5 Qh6 35. Qf2 Qf8 36. Qg3 Kf7 37. Qxd6 Qb8 38. Qxb8 Nxb8 39. Kg3 Nxa6 40. h4 Nb8 41. h5 Nf8 42. Be5 Nc6 43. Bd6 Rd7 44. e5 Ne7 45. h6 a5 46. Rg7+ Ke8 47. Bxh7 Nxh7 48. Rxh7 a4 49. Rh8+ Kf7 50. Ng5+ Kg6 51. Nxe6 Nf5+ 52. Kf4 Nxh6 53. Nf8+ Kg7 54. Nxd7 Kxh8 55. e6 a3 56. e7 1-0


[Site "https://www.chess.com"]

[Event "Titled Tuesday Blitz November 15 Late 2022"]
[White "Bashirli, Nail"]
[Black "Winterberg, Lukas"]
[WhiteFideId "13406809"]
[BlackFideId "24622702"]
[WhiteElo "2766"]
[BlackElo "2521"]
[Result "1-0"]
[Round "08"]
[TimeControl "180+1"]
[Date "2022.11.16"]
[WhiteClock "0:00:37"]
[BlackClock "0:00:02"]

1. d4 Nf6 2. Nf3 d5 3. Bf4 c5 4. e3 Nc6 5. c3 Qb6 6. Qc1 cxd4 7. exd4 Bf5 8. Nbd2 e6 9. Be2 Be7 10. O-O h6 11. Re1 O-O 12. Ne5 Rfc8 13. Ndf3 a5 14. h3 Ne4 15. Nxc6 bxc6 16. Ne5 c5 17. Nd7 Qb7 18. Nxc5 Nxc5 19. dxc5 Bxc5 20. Qd2 d4 21. Bf3 dxc3 22. bxc3 Qa7 23. Bxa8 Rxa8 24. Be3 Rc8 25. Rac1 Qc7 26. Bxc5 Qxc5 27. c4 a4 28. Qe3 Qb4 29. a3 Qb3 30. c5 Bc2 31. Qd4 Bf5 32. c6 Qxa3 33. c7 e5 34. Qxe5 Be6 35. Qd4 Kh7 36. Qe4+ g6 37. Qb7 Kg7 38. Rc2 Qb3 39. Qe4 a3 40. Qd4+ Kh7 41. Rc3 Qb2 42. Rxe6 Rxc7 43. Rxc7 Qxd4 44. Rxf7+ Kg8 45. Rb7 Kf8 46. Ra6 Qd8 47. Rba7 Qd1+ 48. Kh2 Qe2 49. Rxa3 Qe5+ 50. g3 Qf5 51. Ra2 h5 52. Rb2 Qe5 53. Rc2 Qf5 54. Rd2 Qg5 55. Rd4 Ke8 56. Re4+ Kd8 57. Rf7 Qd5 58. Ree7 Qc5 59. Rb7 Ke8 60. h4 Qd4 61. Rf4 Qc5 62. Rg7 Kd8 63. Rxg6 Ke7 64. Rg5 Qc1 65. Rxh5 Ke6 66. Rg5 Qd1 67. Ra5 Qe1 68. Ra6+ Ke7 69. h5 Qf1 70. Ra5 Qe1 71. Raf5 Ke6 72. h6 Qb1 73. h7 Qb8 74. Rh5 Qh8 75. Rg4 Qb2 76. Rf4 Qh8 77. Rhh4 Ke5 78. Rf8 Qxf8 79. h8=Q+ Qxh8 80. Rxh8 1-0


[Site "https://www.chess.com"]

[Event "Titled Tuesday Blitz November 15 Late 2022"]
[White "Baskakov, Egor"]
[Black "Estrada Nieto, Julian"]
[WhiteFideId "24197866"]
[BlackFideId "5101018"]
[WhiteElo "2211"]
[BlackElo "2221"]
[Result "0-1"]
[Round "08"]
[TimeControl "180+1"]
[Date "2022.11.15"]
[WhiteClock "0:01:32"]
[BlackClock "0:00:09"]

1. e4 e5 2. Nc3 Nf6 3. g3 d5 4. exd5 Nxd5 5. Bg2 Nxc3 6. bxc3 Bc5 7. d3 Nc6 8. Ne2 O-O 9. O-O Be6 10. c4 Qd7 11. Be3 Bxe3 12. fxe3 Bh3 13. Bxh3 Qxh3 14. Rb1 b6 15. Nc3 Ne7 16. Rb5 f6 17. a4 c6 18. Rb1 Rab8 19. Qf3 Qe6 20. a5 bxa5 21. Ra1 Rb2 22. Rf2 f5 23. Rxa5 e4 24. Nxe4 Rb1+ 25. Kg2 h6 26. Rxa7 Ng6 27. Nc5 Qf6 28. d4 Qg5 29. Ne6 Nh4+ 30. Kh3 Nxf3 31. Nxg5 Nxg5+ 32. Kg2 Ne4 33. Re2 Rb2 34. Rc7 Ra8 35. Rxc6 Raa2 36. c5 Rxc2 37. Rxc2 Rxc2+ 38. Kf1 Rxh2 39. d5 Nxg3+ 40. Kg1 Rd2 41. d6 h5 42. Rc8+ Kh7 43. Ra8 h4 44. Ra4 g5 45. Rd4 Ne2+ 46. Kf1 Nxd4 47. exd4 Rxd4 48. Ke2 h3 49. Ke3 Rd1 0-1


[Site "https://www.chess.com"]

[Event "Titled Tuesday Blitz November 15 Late 2022"]
[White "Bluebaum, Matthias"]
[Black "Riehle, Marco"]
[WhiteFideId "24651516"]
[BlackFideId "12904392"]
[WhiteElo "2633"]
[BlackElo "2462"]
[Result "1-0"]
[Round "08"]
[TimeControl "180+1"]
[Date "2022.11.15"]
[WhiteClock "0:01:57"]
[BlackClock "0:02:12"]

1. d4 d5 2. c4 e6 3. Nf3 Nf6 4. Nc3 c5 5. cxd5 Nxd5 6. g3 Nc6 7. Bg2 cxd4 8. Nxd4 Nxc3 9. bxc3 Nxd4 10. Qxd4 Qxd4 11. cxd4 Bb4+ 12. Bd2 Bxd2+ 13. Kxd2 Rb8 14. Rhc1 Kd8 15. a4 Re8 16. a5 Re7 17. Rc3 Rc7 18. Rb3 Bd7 19. Rab1 Kc8 20. e4 Bc6 21. d5 exd5 22. exd5 Be8 23. d6 Rd7 24. Bh3 g6 25. Rc1+ Kd8 26. Bxd7 Bxd7 27. Rc7 1-0


[Site "https://www.chess.com"]

[Event "Titled Tuesday Blitz November 15 Late 2022"]
[White "Bogaudinov, Rushan"]
[Black "Al-Tarboush, Ward"]
[WhiteFideId "4129288"]
[BlackFideId "7601450"]
[WhiteElo "1997"]
[BlackElo "2273"]
[Result "0-1"]
[Round "08"]
[TimeControl "180+1"]
[Date "2022.11.16"]
[WhiteClock "0:00:12"]
[BlackClock "0:01:27"]

1. e4 e6 2. Nf3 d5 3. e5 c5 4. b4 cxb4 5. d4 Nc6 6. a3 a5 7. axb4 Bxb4+ 8. c3 Be7 9. Na3 Bxa3 10. Bxa3 Nge7 11. Bd3 h6 12. h4 Bd7 13. h5 b5 14. Bc5 O-O 15. Rh3 b4 16. Bc2 f5 17. exf6 Rxf6 18. Ne5 Qc7 19. Nxd7 Qxd7 20. cxb4 Raf8 21. Qd3 g6 22. hxg6 Rxf2 23. Rxh6 Rf1+ 24. Qxf1 Rxf1+ 25. Kxf1 Nf5 26. Rh7 Qe8 27. Bxf5 exf5 28. Rf7 Qe6 29. bxa5 Qxg6 30. Rf8+ Kg7 31. a6 Qh6 32. Rxf5 Qh1+ 33. Kf2 Qxa1 34. Rxd5 Qa2+ 35. Ke3 Qxd5 0-1


[Site "https://www.chess.com"]

[Event "Titled Tuesday Blitz November 15 Late 2022"]
[White "Bordi, Kevin"]
[Black "Indjic, Aleksandar"]
[WhiteFideId "621862"]
[BlackFideId "911925"]
[WhiteElo "2799"]
[BlackElo "2592"]
[Result "0-1"]
[Round "08"]
[TimeControl "180+1"]
[Date "2022.11.15"]
[WhiteClock "0:00:03"]
[BlackClock "0:00:15"]

1. e4 c5 2. Nf3 d6 3. d4 cxd4 4. Nxd4 Nf6 5. Nc3 a6 6. Rg1 e5 7. Nb3 h5 8. h3 Be6 9. g4 hxg4 10. hxg4 d5 11. exd5 Nxd5 12. Nxd5 Qxd5 13. Qxd5 Bxd5 14. Be3 Nc6 15. O-O-O O-O-O 16. Bb6 Rd7 17. Nc5 Bxc5 18. Bxc5 Bf3 19. Rxd7 Kxd7 20. Bc4 f6 21. Kd2 e4 22. Bd5 Kc7 23. Ke3 b6 24. Ba3 Re8 25. g5 f5 26. g6 Ne5 27. Rg5 Bg4 28. Kf4 Nf3 29. Bf7 Rh8 30. Rxf5 Bxf5 31. Kxf5 Rh2 32. Kxe4 Ng5+ 33. Ke3 Kd7 34. Bc4 b5 35. Bd3 Ne6 36. Bb4 Rh5 37. Bc3 Ke7 38. b3 Rh3+ 39. Ke2 Nf4+ 40. Kd2 Nxd3 41. cxd3 Rh2 42. Ke2 Kf8 43. d4 Rh6 44. d5 Rxg6 45. f4 Ke7 46. Kd3 Rg2 47. a4 g6 48. axb5 axb5 49. Kd4 Rg3 50. Bb4+ Kd7 51. Bc3 Rf3 52. b4 Rxf4+ 53. Ke5 Rf5+ 54. Kd4 Kd6 0-1


[Site "https://www.chess.com"]

[Event "Titled Tuesday Blitz November 15 Late 2022"]
[White "Burke, Paul"]
[Black "Rose, Felix"]
[WhiteFideId "2605767"]
[BlackFideId "5105722"]
[WhiteElo "1814"]
[BlackElo "2039"]
[Result "0-1"]
[Round "08"]
[TimeControl "180+1"]
[Date "2022.11.16"]
[WhiteClock "0:00:11"]
[BlackClock "0:00:05"]

1. e4 e6 2. d4 d5 3. e5 c5 4. Qg4 cxd4 5. Nf3 Nc6 6. Bd3 Bd7 7. O-O Qc7 8. Qg3 Nge7 9. a3 Ng6 10. Re1 Be7 11. h4 f5 12. h5 f4 13. Bxg6+ hxg6 14. Qxg6+ Kf8 15. Bxf4 Be8 16. Qxe6 Bf7 17. Qf5 Rxh5 18. Qg4 Qb6 19. e6 Be8 20. Ne5 Qxb2 21. Nd2 Qxc2 22. Ndf3 Qf5 23. Qg3 Kg8 24. Rad1 d3 25. Rxd3 Nxe5 26. Nxe5 Bh4 27. Qf3 Bf6 28. Rxd5 Qh7 29. g3 Bxe5 30. Rdxe5 Rxe5 31. Rxe5 Bc6 32. Rd5 Qb1+ 33. Kg2 Qa2 34. Kh3 Qxd5 35. Qg4 Re8 36. Bh6 Qxe6 37. Qxe6+ Rxe6 38. Bf4 a6 0-1


[Site "https://www.chess.com"]

[Event "Titled Tuesday Blitz November 15 Late 2022"]
[White "Cardoso Cardoso, Jose Gabriel"]
[Black "Deac, Bogdan-Daniel"]
[WhiteFideId "4430492"]
[BlackFideId "1226380"]
[WhiteElo "2484"]
[BlackElo "2648"]
[Result "1/2-1/2"]
[Round "08"]
[TimeControl "180+1"]
[Date "2022.11.15"]
[WhiteClock "0:00:14"]
[BlackClock "0:00:13"]

1. d4 Nf6 2. Nc3 d5 3. Bf4 c5 4. e3 cxd4 5. exd4 a6 6. Nf3 Nc6 7. Ne5 Bd7 8. Nxc6 Bxc6 9. Bd3 g6 10. O-O Qb6 11. Be5 Bg7 12. Rb1 O-O 13. Ne2 Qa5 14. a3 b5 15. c3 Qb6 16. Nf4 a5 17. h4 Nd7 18. Bxg7 Kxg7 19. h5 Nf6 20. Re1 Qc7 21. Qf3 Qd6 22. Re5 Nd7 23. Re3 Nf6 24. Rbe1 Ne4 25. h6+ Kh8 26. Bxe4 dxe4 27. Qg3 f5 28. f3 Qf6 29. d5 Be8 30. R3e2 g5 31. Ne6 Rg8 32. fxe4 f4 33. e5 Qxh6 34. Qh3 Qxh3 35. gxh3 Bd7 36. Nc7 Rac8 37. d6 exd6 38. exd6 Rg6 39. Rd2 Rd8 40. Re7 Kg8 41. Kh2 h5 42. b3 g4 43. hxg4 hxg4 44. c4 g3+ 45. Kg2 bxc4 46. bxc4 Bc6+ 47. Nd5 Rdxd6 48. Re4 Bxd5 49. cxd5 Rdf6 50. Kf3 Kf7 51. Rg2 Rg5 52. Rxf4 Rxd5 53. Rxf6+ Kxf6 54. Rxg3 Rd3+ 55. Kf2 Rxg3 56. Kxg3 Ke5 57. Kf2 Kd4 58. Ke2 Kc3 59. Kd1 Kb2 60. a4 Kb3 61. Kc1 Kxa4 62. Kb1 Kb4 63. Ka1 a4 64. Kb1 a3 65. Ka1 Kb3 66. Kb1 a2+ 67. Ka1 Ka3 1/2-1/2


[Site "https://www.chess.com"]

[Event "Titled Tuesday Blitz November 15 Late 2022"]
[White "D`Arruda, Ricardo D."]
[Black "Haszon, David"]
[WhiteFideId "100692"]
[BlackFideId "733610"]
[WhiteElo "2494"]
[BlackElo "2211"]
[Result "0-1"]
[Round "08"]
[TimeControl "180+1"]
[Date "2022.11.16"]
[WhiteClock "0:00:07"]
[BlackClock "0:00:04"]

1. Nf3 c5 2. c4 g6 3. Nc3 Bg7 4. g3 Nc6 5. Bg2 e6 6. O-O Nge7 7. e3 O-O 8. d4 cxd4 9. exd4 d5 10. c5 Nf5 11. Be3 Nxe3 12. fxe3 e5 13. Nxe5 Nxe5 14. dxe5 Be6 15. Bxd5 Qc8 16. Bxe6 Qxe6 17. Qd5 Qxe5 18. Qxe5 Bxe5 19. Rad1 Bxc3 20. bxc3 Rfd8 21. Rd4 Rac8 22. Rfd1 Rf8 23. Rd5 Rc7 24. R1d4 Kg7 25. Kf2 Rfc8 26. Rb4 Rxc5 27. Rxc5 Rxc5 28. Rxb7 Rxc3 29. Rxa7 Rc2+ 30. Kg1 Kf6 31. a4 h5 32. h4 Re2 33. a5 Rxe3 34. Kf2 Ra3 35. a6 Ra2+ 36. Ke3 Ra3+ 37. Kf4 Ra4+ 38. Kf3 Ke6 39. Ra8 Kf5 40. Rf8 f6 41. Ra8 Ra3+ 42. Kf2 Kg4 43. a7 Ra2+ 44. Ke3 g5 45. hxg5 fxg5 46. Ke4 Ra4+ 47. Ke3 Ra3+ 48. Kf2 Ra5 49. Kg2 Ra2+ 50. Kf1 Ra1+ 51. Kf2 Ra2+ 52. Kf1 Kxg3 53. Rg8 Rxa7 54. Rxg5+ Kh4 55. Rg8 Kh3 56. Kf2 h4 57. Kf1 Kh2 58. Kf2 Rf7+ 59. Ke1 Rf3 60. Ke2 Rg3 61. Rh8 h3 62. Kf2 Rg7 63. Rf8 Rg2+ 64. Kf1 Kg3 65. Rg8+ Kh2 66. Rf8 Rg6 67. Rf7 Kg3 68. Rh7 h2 69. Rh5 Rf6+ 70. Ke2 Rf2+ 71. Ke1 Rf4 72. Ke2 Rh4 73. Rg5+ Kh3 74. Kf2 h1=Q 75. Rg3+ Kh2 76. Rh3+ Kxh3 0-1


[Site "https://www.chess.com"]

[Event "Titled Tuesday Blitz November 15 Late 2022"]
[White "Dudzinski, Pawel"]
[Black "Pino Perez, Lazaro"]
[WhiteFideId "1117890"]
[BlackFideId "3517055"]
[WhiteElo "2086"]
[BlackElo "2170"]
[Result "1-0"]
[Round "08"]
[TimeControl "180+1"]
[Date "2022.11.16"]
[WhiteClock "0:02:54"]
[BlackClock "0:02:29"]

1. e4 c5 2. Nc3 g6 3. g3 Bg7 4. Bg2 Nc6 5. d3 d6 6. Be3 e5 7. Qd2 Nge7 8. Bh6 O-O 9. h4 f6 10. Bxg7 Kxg7 11. h5 g5 12. h6+ Kh8 13. f4 gxf4 14. gxf4 Ng6 15. Nd5 Be6 16. f5 1-0


[Site "https://www.chess.com"]

[Event "Titled Tuesday Blitz November 15 Late 2022"]
[White "Fedoseev, Vladimir"]
[Black "Xiong, Jeffery"]
[WhiteFideId "24130737"]
[BlackFideId "2047640"]
[WhiteElo "2726"]
[BlackElo "2725"]
[Result "0-1"]
[Round "08"]
[TimeControl "180+1"]
[Date "2022.11.15"]
[WhiteClock "0:00:01"]
[BlackClock "0:00:28"]

1. e4 e5 2. Nf3 Nc6 3. Bc4 Bc5 4. d3 Nf6 5. Nc3 O-O 6. h3 a6 7. a4 d6 8. Be3 Bxe3 9. fxe3 Be6 10. Nd2 d5 11. exd5 Nxd5 12. Bxd5 Bxd5 13. O-O Be6 14. Nde4 Qe7 15. g4 Qh4 16. Rf3 f5 17. gxf5 Rxf5 18. Rg3 Raf8 19. Qe2 Rh5 20. Rf1 Bxh3 21. Rxf8+ Kxf8 22. Qh2 Nb4 23. a5 Bc8 24. Qxh4 Rxh4 25. Rg2 Rg4 26. Rxg4 Bxg4 27. Nc5 Bc8 28. Kf2 Ke7 29. Ke2 Nxc2 0-1


[Site "https://www.chess.com"]

[Event "Titled Tuesday Blitz November 15 Late 2022"]
[White "Garcia Pantoja, Roberto"]
[Black "Milchev, Nikolay"]
[WhiteFideId "3509265"]
[BlackFideId "2906090"]
[WhiteElo "2785"]
[BlackElo "2547"]
[Result "1-0"]
[Round "08"]
[TimeControl "180+1"]
[Date "2022.11.16"]
[WhiteClock "0:02:32"]
[BlackClock "0:02:18"]

1. e4 Nf6 2. e5 Nd5 3. d4 d6 4. c4 Nb6 5. f4 g6 6. Nc3 Bg7 7. Be3 O-O 8. c5 dxc5 9. dxc5 Qxd1+ 10. Rxd1 N6d7 11. Nd5 Na6 12. Nxe7+ Kh8 13. Nxc8 Raxc8 14. Rxd7 Nb4 15. Nf3 Rfd8 16. Rxd8+ Rxd8 17. Bc4 Nc2+ 18. Kf2 Nxe3 19. Kxe3 f6 20. b4 b6 21. c6 fxe5 22. Nxe5 Re8 23. Ke4 Bf6 24. Rd1 1-0


[Site "https://www.chess.com"]

[Event "Titled Tuesday Blitz November 15 Late 2022"]
[White "Garcia Ramos, Daniel"]
[Black "Klenburg, Michael"]
[WhiteFideId "32010311"]
[BlackFideId "14102072"]
[WhiteElo "2357"]
[BlackElo "2405"]
[Result "0-1"]
[Round "08"]
[TimeControl "180+1"]
[Date "2022.11.16"]
[WhiteClock "0:00:09"]
[BlackClock "0:00:16"]

1. e4 d6 2. d4 Nf6 3. Nc3 g6 4. Be3 c6 5. Qd2 Nbd7 6. O-O-O Qa5 7. Kb1 b5 8. Bd3 Rb8 9. f4 Ng4 10. Nf3 Nxe3 11. Qxe3 Nb6 12. e5 d5 13. Nd2 Nc4 14. Qe1 e6 15. Nb3 Qb6 16. g4 a5 17. f5 a4 18. Nc1 Qa5 19. Rf1 Qb4 20. Bxc4 bxc4 21. b3 axb3 22. cxb3 Bh6 23. fxg6 hxg6 24. N3e2 Qxe1 25. Rdxe1 Ba6 26. Rf2 Be3 27. Rg2 c5 28. dxc5 Bxc5 29. Kc2 Rh3 30. Nf4 Rf3 31. Nce2 cxb3+ 32. axb3 Rfxb3 33. Rg3 Rb2+ 34. Kc1 Rb1+ 35. Kd2 R8b2+ 36. Kc3 Bb4+ 37. Kd4 Bxe1 0-1


[Site "https://www.chess.com"]

[Event "Titled Tuesday Blitz November 15 Late 2022"]
[White "Gardezi, Arsal"]
[Black "Przybylski, Wojciech"]
[WhiteFideId "30949521"]
[BlackFideId "1117599"]
[WhiteElo "1906"]
[BlackElo "2221"]
[Result "0-1"]
[Round "08"]
[TimeControl "180+1"]
[Date "2022.11.16"]
[WhiteClock "0:01:07"]
[BlackClock "0:01:26"]

1. d4 Nf6 2. c4 e6 3. Nc3 Bb4 4. Qc2 O-O 5. e4 d5 6. cxd5 exd5 7. e5 Ne4 8. Nf3 Bf5 9. Bd3 c5 10. O-O Nc6 11. Nxe4 dxe4 12. Bxe4 Nxd4 13. Nxd4 Bxe4 14. Qxe4 Qxd4 15. Qxb7 Qxe5 16. a3 Ba5 17. b4 Qxa1 18. bxa5 Qc3 19. a6 c4 20. Be3 Rfb8 21. Qc6 Rc8 22. Qd5 Qxa3 23. g3 Qxa6 24. Bd4 Qe6 25. Qg5 f6 26. Qf4 c3 27. Rc1 c2 28. Qf3 Qc4 29. Be3 a5 30. Kg2 a4 31. Ra1 a3 32. Qf5 a2 33. Qf3 Qc6 0-1


[Site "https://www.chess.com"]

[Event "Titled Tuesday Blitz November 15 Late 2022"]
[White "Gerbelli Neto, Eduardo"]
[Black "Figorito, Nick"]
[WhiteFideId "2103281"]
[BlackFideId "30923689"]
[WhiteElo "2178"]
[BlackElo "2351"]
[Result "1-0"]
[Round "08"]
[TimeControl "180+1"]
[Date "2022.11.16"]
[WhiteClock "0:00:17"]
[BlackClock "0:00:09"]

1. e4 e6 2. d4 d5 3. Nc3 Bb4 4. Ne2 Nf6 5. e5 Nfd7 6. a3 Be7 7. Be3 c5 8. dxc5 Nxe5 9. Ng3 Ned7 10. b4 a5 11. Rb1 axb4 12. axb4 Bf6 13. Qd2 Nc6 14. Nb5 O-O 15. Nh5 Nde5 16. Nxf6+ Qxf6 17. Bg5 Qg6 18. f4 Qe4+ 19. Qe2 Qxe2+ 20. Bxe2 Ng6 21. g3 h6 22. Bh4 Nxh4 23. gxh4 Ra2 24. Bd3 Bd7 25. Nd6 Rb8 26. O-O Nd4 27. Rf2 b6 28. cxb6 Rxb6 29. c3 Rxf2 30. Kxf2 Rxd6 31. cxd4 Rb6 32. b5 Kf8 33. Rc1 Bxb5 34. Rb1 Bxd3 35. Rxb6 Bf5 36. Rb7 h5 37. Ke3 Bg6 38. f5 Bxf5 39. Kf4 Bg6 40. Ke5 Kg8 41. Kd6 Kh7 42. Ke7 Kh6 43. Rb8 Kh7 44. Rf8 e5 45. dxe5 d4 46. Rd8 d3 47. Rd6 Kg8 48. Rd8+ Kh7 49. Kf8 f6 50. e6 Bf5 51. e7 Bg6 52. Rxd3 Bxd3 53. e8=Q Bg6 54. Qe7 Bf7 55. Qxf7 Kh6 56. Qxg7# 1-0


[Site "https://www.chess.com"]

[Event "Titled Tuesday Blitz November 15 Late 2022"]
[White "Ghazarian, Kirk"]
[Black "Ivic, Velimir"]
[WhiteFideId "30908604"]
[BlackFideId "950122"]
[WhiteElo "2346"]
[BlackElo "2625"]
[Result "1-0"]
[Round "08"]
[TimeControl "180+1"]
[Date "2022.11.15"]
[WhiteClock "0:00:01"]
[BlackClock "0:00:04"]

1. d4 g6 2. Nc3 d5 3. Bf4 Nf6 4. e3 Bg7 5. h4 h5 6. Nf3 O-O 7. Bd3 c5 8. Ne5 Nc6 9. dxc5 Qa5 10. O-O Qxc5 11. Ne2 Ng4 12. Nxg4 Bxg4 13. c3 e5 14. Bg3 Rad8 15. f3 Be6 16. Bf2 e4 17. Bc2 exf3 18. gxf3 Bh3 19. Re1 Qe7 20. Nf4 Bc8 21. Qe2 Ne5 22. Bg3 Bf6 23. Ng2 Bh3 24. Qf2 Rfe8 25. Nf4 Be6 26. Kg2 Nc4 27. Bd3 Nd6 28. Rad1 Qd7 29. Bc2 Qc6 30. Kg1 Nc4 31. Bd3 Ne5 32. Bf1 d4 33. Bg2 dxe3 34. Qxe3 Rxd1 35. Rxd1 Bxa2 36. Qxa7 Bb3 37. Rf1 Bc4 38. Rf2 b6 39. Qa1 Be7 40. Kh2 Bc5 41. Rd2 Nxf3+ 42. Kh1 Qe4 43. Qd1 Nxd2 44. Bxe4 Nxe4 45. Qf3 Nf6 46. Kg2 Ng4 47. Qc6 Ne3+ 48. Kf3 Re7 49. Bf2 Ng4 50. Qc8+ Kg7 51. Bxc5 bxc5 52. Qxc5 Re1 53. Qd4+ Ne5+ 54. Kf2 Kh7 55. Kxe1 Nf3+ 56. Kf2 Nxd4 57. cxd4 f6 58. Ke3 Kh6 59. Ng2 g5 60. Ke4 Bf1 61. Ne3 Bb5 62. hxg5+ fxg5 63. d5 Kg6 64. d6 1-0


[Site "https://www.chess.com"]

[Event "Titled Tuesday Blitz November 15 Late 2022"]
[White "Gonzalez, Francisco Silva"]
[Black "Kobo, Ori"]
[WhiteFideId "1512285"]
[BlackFideId "2812320"]
[WhiteElo "2159"]
[BlackElo "2447"]
[Result "0-1"]
[Round "08"]
[TimeControl "180+1"]
[Date "2022.11.16"]
[WhiteClock "0:00:05"]
[BlackClock "0:00:08"]

1. d4 Nf6 2. c4 e6 3. Nc3 Bb4 4. a3 Bxc3+ 5. bxc3 O-O 6. e3 d6 7. f3 c5 8. e4 Nc6 9. Bg5 h6 10. Be3 Qa5 11. Qd2 b6 12. Bd3 Ba6 13. Ne2 Qa4 14. h4 Bxc4 15. Bc2 Qa6 16. Ng3 Na5 17. Bxh6 Ne8 18. Nh5 f6 19. Be3 Kf7 20. g4 Bb3 21. Bd3 Bc4 22. Bc2 Qb7 23. Kf2 Bb3 24. Bd3 Bc4 25. Bc2 Rc8 26. Nf4 cxd4 27. cxd4 e5 28. Nh3 Be6 29. dxe5 Nc4 30. Qd3 Nxe5 31. Qe2 Qc6 32. Rac1 Qc4 33. Bd1 Nd3+ 34. Kg3 Nxc1 35. Bxc1 Qxc1 36. Nf2 Qc5 37. Qb2 Qe5+ 38. Qxe5 dxe5 39. Nd3 Nd6 40. Nb4 Nc4 41. Ba4 Rfd8 42. Bb5 Nxa3 43. Ba6 Rc3 44. Ra1 Rd4 45. Nc2 Nxc2 46. Rb1 Nb4 47. Rxb4 Rxb4 48. Bb7 a5 49. g5 fxg5 50. hxg5 Kg6 51. Bc6 Rxc6 52. Kh4 a4 53. Kg3 Kxg5 54. Kf2 Kf4 0-1


[Site "https://www.chess.com"]

[Event "Titled Tuesday Blitz November 15 Late 2022"]
[White "Goryachkina, Aleksandra"]
[Black "Golubev, Mikhail"]
[WhiteFideId "4147103"]
[BlackFideId "14100983"]
[WhiteElo "2653"]
[BlackElo "2532"]
[Result "1-0"]
[Round "08"]
[TimeControl "180+1"]
[Date "2022.11.16"]
[WhiteClock "0:00:08"]
[BlackClock "0:00:03"]

1. e4 c5 2. Nf3 d6 3. Bb5+ Bd7 4. Bxd7+ Qxd7 5. O-O Nf6 6. Re1 Nc6 7. c3 e6 8. d4 cxd4 9. cxd4 d5 10. e5 Ne4 11. Nbd2 Nxd2 12. Bxd2 Be7 13. Rc1 O-O 14. Rc3 Na5 15. Ng5 h6 16. Nh3 Nc4 17. Bc1 f5 18. exf6 Rxf6 19. a3 Nd6 20. Bf4 Raf8 21. Be5 R6f7 22. f3 Bd8 23. Rc2 Nf5 24. Kh1 Bb6 25. Qd3 Qd8 26. b4 Qh4 27. Rd1 g5 28. Nf2 h5 29. g3 Nxg3+ 30. Bxg3 Rxf3 31. Bxh4 Rxd3 32. Nxd3 1-0


[Site "https://www.chess.com"]

[Event "Titled Tuesday Blitz November 15 Late 2022"]
[White "Gubajdullin, Alexei"]
[Black "Swiercz, Dariusz"]
[WhiteFideId "4141202"]
[BlackFideId "1126881"]
[WhiteElo "2230"]
[BlackElo "2627"]
[Result "0-1"]
[Round "08"]
[TimeControl "180+1"]
[Date "2022.11.15"]
[WhiteClock "0:00:02"]
[BlackClock "0:00:04"]

1. Nf3 Nf6 2. d4 g6 3. Bf4 Bg7 4. e3 O-O 5. Be2 d6 6. O-O Nfd7 7. h3 e5 8. Bh2 Nc6 9. c4 e4 10. Nfd2 f5 11. Nc3 Nf6 12. Qa4 g5 13. b4 Ne7 14. b5 Ng6 15. b6 cxb6 16. Nb5 f4 17. Qa3 g4 18. Qxd6 gxh3 19. Qxd8 Rxd8 20. g3 fxe3 21. fxe3 Bh6 22. Rxf6 Bxe3+ 23. Kh1 Bxd2 24. c5 Bd7 25. Bc4+ Kh8 26. Nd6 Bg4 27. Bg1 Rf8 28. Nxe4 Bh6 29. Kh2 Bg7 30. Rxf8+ Rxf8 31. Rf1 Rxf1 32. Bxf1 Ne7 33. cxb6 axb6 34. Bxh3 Bf3 35. Bg2 Bg4 36. Bh3 Be2 37. Bg2 Bc4 38. Ng5 Bxa2 39. d5 Bxd5 40. Bxb6 Bxg2 41. Kxg2 Nd5 0-1


[Site "https://www.chess.com"]

[Event "Titled Tuesday Blitz November 15 Late 2022"]
[White "Gurevich, Dmitry"]
[Black "Hambleton, Aman"]
[WhiteFideId "2000407"]
[BlackFideId "2606577"]
[WhiteElo "2541"]
[BlackElo "2767"]
[Result "1-0"]
[Round "08"]
[TimeControl "180+1"]
[Date "2022.11.16"]
[WhiteClock "0:00:48"]
[BlackClock "0:00:01"]

1. d4 Nf6 2. c4 e6 3. Nf3 b6 4. g3 Ba6 5. b3 Bb4+ 6. Bd2 c5 7. Bg2 Bb7 8. O-O O-O 9. Bxb4 cxb4 10. a3 bxa3 11. Nxa3 a5 12. Nb5 d5 13. Ne5 Na6 14. Qd2 Qe7 15. Rfc1 Rfd8 16. Qe3 h6 17. c5 Nb4 18. cxb6 Ra6 19. Rc7 Qe8 20. Nxf7 Nc2 21. Rxc2 Qxf7 22. Rc7 Rd7 23. Nd6 Qe7 24. Nxb7 Rxb6 25. Rc8+ Kh7 26. Nc5 Ra7 27. Bh3 1-0


[Site "https://www.chess.com"]

[Event "Titled Tuesday Blitz November 15 Late 2022"]
[White "Guz, Ari"]
[Black "Salman, Pavel"]
[WhiteFideId "2825759"]
[BlackFideId "24153753"]
[WhiteElo "2205"]
[BlackElo "2187"]
[Result "0-1"]
[Round "08"]
[TimeControl "180+1"]
[Date "2022.11.16"]
[WhiteClock "0:00:04"]
[BlackClock "0:00:05"]

1. e4 c5 2. Nf3 e6 3. c3 Nf6 4. e5 Nd5 5. d4 cxd4 6. cxd4 b6 7. Nc3 Nxc3 8. bxc3 Qc7 9. Bd2 Be7 10. Bd3 Ba6 11. Bxa6 Nxa6 12. Qe2 Qb7 13. h4 h6 14. Rh3 Nc7 15. Rg3 g6 16. Kf1 Rc8 17. Kg1 Nd5 18. c4 Qa6 19. Rc1 Qxa2 20. Qd3 Nb4 21. Bxb4 Bxb4 22. Rc2 Qa6 23. Rg4 Be7 24. Nd2 h5 25. Rf4 g5 26. Rf3 g4 27. Rf4 Bxh4 28. Ne4 Be7 29. d5 Qa1+ 30. Kh2 Qxe5 31. g3 h4 32. Kg2 hxg3 33. Qxg3 exd5 34. Nc3 Rxc4 35. Re2 Qxf4 36. Qxf4 Rxf4 37. Nxd5 Rd4 38. Nxe7 Kd8 39. Nf5 Ra4 40. Nd6 Kc7 41. Nxf7 Rf8 42. Nh6 a5 43. Re7 b5 44. Rg7 Raf4 45. Nxg4 a4 46. Ne5 Rd4 47. Nf3 Rd6 48. Rg5 Kb6 49. Ne5 a3 50. Rg3 a2 51. Ra3 Rd2 52. Kg3 Rg8+ 53. Kf3 Rc8 54. Ke3 Rcc2 55. f4 Rh2 56. Kd4 Rc1 57. Nxd7+ Kc7 58. Ne5 a1=Q+ 59. Rxa1 Rxa1 60. Kc5 Rc1+ 61. Kxb5 Rf2 62. Nd3 Rb1+ 63. Kc4 Rd2 64. Ne5 Rc1+ 65. Kb3 Rh2 66. Nd3 Rg1 67. Kc4 Rg3 68. Kd4 Rd2 0-1


[Site "https://www.chess.com"]